 Dungeon Crawl Stone Soup version 0.31-a0-182-gc5ef74bbde (webtiles) character file.

Game seed: 1382748982925741525

24715 qw the Cleaver (level 13, -4/83 HPs)
             Began as a Gargoyle Fighter on June 20, 2023.
             Was a Priest of Okawaru.
             Slain by Rupert
             ... wielding a +2 heavy battleaxe
              (35 damage)
             ... on level 4 of the Lair of Beasts.
             The game lasted 00:06:09 (14646 turns).

qw the Cleaver (Gargoyle Fighter)                  Turns: 14646, Time: 00:06:10

Health: -4/83      AC: 39    Str: 25    XL:     13   Next: 14%
Magic:  12/19      EV: 14    Int:  9    God:    Okawaru [***...]
Gold:   931        SH:  6    Dex:  7    Spells: 12/12 levels left

rFire   . . .        w - +2 war axe (flame)
rCold   . . .        c - +0 buckler
rNeg    + . .        n - +0 plate armour
rPois   inf          i - +0 helmet
rElec   +            t - +0 cloak
rCorr   .            a - +2 pair of gloves {infuse}
SInv    .            s - +0 pair of boots
Will    +....        (no amulet) Stlth
                     q - +5 ring of evasion
HPRegen 0.33/turn    p - +4 ring of protection
MPRegen 0.16/turn

%: infuse magic (1 MP)
@: heroic
A: sickness immunity, AC +9, negative energy resistance 1, electricity
resistance, torment resistance 1, petrification resistance, clumsy 1,
strong-willed 1, wild magic 1
a: Renounce Religion, Heroism


You were on level 4 of the Lair of Beasts.
You worshipped Okawaru.
Okawaru was most pleased with you.
You visited 3 branches of the dungeon, and saw 14 of its levels.

You collected 1034 gold pieces.
You spent 103 gold pieces at shops.


Innate Abilities, Weirdness & Mutations

You are immune to sickness and miasma.
Your stone body is resilient. (AC +9)
You are immune to poison.
You resist negative energy. (rN+)
You are resistant to electric shocks. (rElec)
You are resistant to unholy torment.
You are immune to petrification.
You are clumsy. (Dex -2)
You are strong-willed. (Will+)
Your spells are a little harder to cast, but a little more powerful.


   Skills:
 + Level 10.5(15.5) Fighting
 - Level 14.0(19.0) Axes
 - Level 2.0(7.0) Throwing
 - Level 10.0(15.0) Armour
 - Level 1.2(6.2) Dodging
 - Level 6.8(11.8) Shields
 - Level 8.5 Invocations


You had 12 spell levels left.
You didn't know any spells.
Your spell library was empty.

Inventory:

Hand Weapons
 b - a +3 war axe
 w - a +2 war axe of flaming (weapon)
Armour
 a - a +2 pair of gloves of infusion (worn)
 c - a +0 buckler (worn)
 i - a +0 helmet (worn)
 n - a +0 plate armour (worn)
 s - a +0 pair of boots (worn)
 t - a +0 cloak (worn)
 v - the +0 hat of the First Snow {Harm +Blink rC+++ Dex-3}
   (You acquired it on level 5 of the Dungeon)

   Dex:       It affects your dexterity (-3).
   rC:        It renders you almost immune to cold.
   +Blink:    It lets you blink.
   Harm:      It increases damage dealt and taken.
Jewellery
 p - a +4 ring of protection (right hand)
 q - a +5 ring of evasion (left hand)
Scrolls
 j - 4 scrolls of identify
Potions
 d - a potion of might
 e - 2 potions of lignification
 f - a potion of attraction
 g - a potion of heal wounds
 k - 2 potions of curing
 l - a potion of resistance
 m - a potion of haste
 r - a potion of berserk rage {unknown}
 x - a potion of enlightenment

Dungeon Overview and Level Annotations

Branches:
Dungeon (9/15)             Temple (1/1) D:6            Lair (4/5) D:9
  Swamp (0/4) Lair:3        Snake (0/4) Lair:3          Orc (0/2) D:9
  Slime: Lair:4-5

Altars:
Ashenzari
Cheibriados
Dithmenos
Elyvilon
Fedhas
Gozag
Hepliaklqana
Kikubaaqudgha
Makhleb
Nemelex Xobeh
Okawaru
Qazlal
Ru
Sif Muna
Trog
Uskayaw
Vehumet
Xom
Yredelemnul
Zin
The Shining One

Shops:
D:3 [

Annotations:
D:4 exclusion: 3 endoplasms
Lair:4 Nessos, Rupert


Message History

You slice Rupert!! You burn Rupert.
Rupert is moderately wounded.
You slash Rupert! You burn Rupert.
Rupert is moderately wounded.
Rupert roars wildly at you.
You easily resist.
Rupert blocks your attack.
Rupert is moderately wounded.
Rupert roars madly and goes into a rage!
Rupert goes berserk!
You slice Rupert!! You burn Rupert.
Rupert is heavily wounded.
Rupert hits you with a +2 heavy battleaxe.
You slash Rupert! You burn Rupert.
Rupert is heavily wounded.
Rupert blocks your attack.
Rupert is heavily wounded.
Rupert hits you with a +2 heavy battleaxe!!
Rupert blocks your attack.
Rupert is heavily wounded.
Rupert hits you with a +2 heavy battleaxe!!
You slice Rupert!! You burn Rupert.
Rupert is severely wounded.
Rupert hits you but does no damage.
Nessos wields a +2 longbow of flaming.
It bursts into flame!
Nessos shoots an arrow.
The arrow hits you but does no damage.
You hit Rupert. You burn Rupert.
Rupert is severely wounded.
Nessos gestures wildly while chanting.
Nessos seems to speed up.
You slash Rupert! You burn Rupert.
Rupert is severely wounded.
You block Rupert's attack.
You slash Rupert! You burn Rupert.
Rupert is almost dead.
You barely miss Nessos.
Nessos unwields a +2 longbow of flaming.
It stops flaming.
You block Nessos's attack. Nessos completely misses you.
Rupert hits you with a +2 heavy battleaxe!!
You die...

##...<##.....#.. [#
#.............. ...
#.............. ....
##.............. ....##
#...............
.....P####...##...##..#.
...........### ...######
............# ..## #
......c@@..####..## #
......####.#..P...# #
.......##..........
............c......
.....c.............
..................<
...P......c........
..P...............
.P.P..............


You could see Rupert (berserk, reflecting) and Nessos (fast).

Vanquished Creatures
  2 hydras
  2 bog bodies (Lair:3)
  A deep elf pyromancer (D:8)
  An ugly thing (D:9)
  3 elephants (Lair:2)
  2 torpor snails (Lair:1)
  2 black mambas
  7 cane toads
  A rime drake (Lair:4)
  6 komodo dragons
  A tengu conjurer (D:8)
  A troll (D:9)
  A hornet (D:8)
  5 blink frogs (Lair:4)
  Grinder (D:3)
  2 dream sheep (Lair:1)
  6 wyverns
  50 yaks
  A steam dragon (D:9)
  Menkaure (D:4)
  A swamp worm (Lair:3)
  An acid dragon (D:8)
  3 nagas (Lair:3)
  7 water moccasins
  A swamp drake (D:9)
  3 orc warriors
  A black bear (Lair:1)
  7 wolves
  3 centaurs
  4 ogres
  2 phantoms
  3 kobold brigands
  6 bullfrogs
  6 wights
  12 killer bees
  2 howler monkeys (D:9)
  4 electric eels
  A jelly (D:5)
  5 orc priests
  2 hounds (D:9)
  6 iguanas
  Jessica (D:3)
  Terence (D:3)
  6 orc wizards
  5 adders
  A shadow imp (D:8)
  A white imp (D:7)
  An ufetubus (D:5)
  A dart slug (D:1)
  24 orcs
  6 ball pythons
  6 endoplasms
  5 giant cockroaches
  11 goblins
  A hobgoblin (D:1)
  10 jackals
  25 kobolds
  5 quokkas
  7 bats
  A rat (D:1)
294 creatures vanquished.

Vanquished Creatures (others)
  An orc wizard (D:9)
1 creature vanquished.

Grand Total: 295 creatures vanquished

Notes
Turn   | Place    | Note
-------+----------+-------------------------------------------
     0 | D:1      | qw the Gargoyle Fighter began the quest for the Orb.
     0 | D:1      | Reached XP level 1. HP: 14/14 MP: 1/1
     0 | D:1      | 0 ||| qw: Version: 0.3-a-9-g12657ce
     0 | D:1      | 0 ||| qw: Game counter: 1321
     0 | D:1      | 0 ||| qw: Always use a shield: true
     0 | D:1      | 0 ||| qw: God list: Okawaru
     0 | D:1      | 0 ||| qw: Allow faded altars: false
     0 | D:1      | 0 ||| qw: Do Orc after D:15 true
     0 | D:1      | 0 ||| qw: Do second Lair branch before Depths: true
     0 | D:1      | 0 ||| qw: Lair rune preference: random
     0 | D:1      | 0 ||| qw: Plans: Normal, Zot:1-4, Slime:5, God:TSO, Crypt,
                  | Tomb, Abyss, Pan, Hells, Win
     0 | D:1      | 0 ||| PLANNING D:1-11
    69 | D:1      | Reached skill level 2 in Axes
   113 | D:1      | Reached XP level 2. HP: 17/19 MP: 2/2
   198 | D:1      | Reached skill level 3 in Axes
   200 | D:1      | Reached XP level 3. HP: 23/23 MP: 3/3
   348 | D:1      | 348 ||| DROPPING +0 club.
   801 | D:1      | 801 ||| UPGRADING to +0 helmet.
   806 | D:1      | 806 ||| READING scroll labelled SAPTEZ JUGO.
   810 | D:1      | 810 ||| READING scroll labelled MERATT POOCO.
   811 | D:1      | 811 ||| READING scroll labelled KOCZOCSACLAY.
   811 | D:1      | Identified a scroll of acquirement
   811 | D:1      | 811 ||| ACQUIRING +1 pair of gloves of infusion
   811 | D:1      | Acquired a +1 pair of gloves of infusion
   813 | D:1      | 813 ||| UPGRADING to +1 pair of gloves of infusion.
   818 | D:1      | 818 ||| READING scroll labelled HIFRAT SUEDOA.
   834 | D:2      | 834 ||| STAIRDANCE
  1011 | D:2      | Reached XP level 4. HP: 28/28 MP: 2/4
  1070 | D:2      | Found a hide-covered altar of Uskayaw.
  1204 | D:2      | Reached skill level 4 in Axes
  1218 | D:2      | 1218 ||| READING scroll labelled YKHLIP KIEGAS.
  1219 | D:2      | 1219 ||| DRINKING 2 cyan potions.
  1533 | D:3      | Noticed Grinder
  1540 | D:3      | 1540 ||| Stepping ~*~*~tactically~*~*~ (hiding).
  1541 | D:3      | 1541 ||| Stepping ~*~*~tactically~*~*~ (hiding).
  1544 | D:3      | 1544 ||| Stepping ~*~*~tactically~*~*~ (hiding).
  1545 | D:3      | 1545 ||| Stepping ~*~*~tactically~*~*~ (hiding).
  1554 | D:3      | HP: 5/28 [Grinder (6)]
  1555 | D:3      | 1555 ||| READING 2 scrolls of teleportation.
  1558 | D:3      | Killed Grinder
  1559 | D:3      | Reached skill level 5 in Axes
  1559 | D:3      | Reached XP level 5. HP: 6/32 MP: 0/5
  1559 | D:3      | Reached XP level 6. HP: 6/37 MP: 0/6
  1691 | D:3      | Noticed Jessica
  1692 | D:3      | 1692 ||| Stepping ~*~*~tactically~*~*~ (hiding).
  1704 | D:3      | Killed Jessica
  1895 | D:3      | 1895 ||| Stepping ~*~*~tactically~*~*~ (stealth).
  1980 | D:3      | Noticed Terence
  1981 | D:3      | 1981 ||| Stepping ~*~*~tactically~*~*~ (hiding).
  1991 | D:3      | Killed Terence
  2041 | D:3      | Found a glowing silver altar of Zin.
  2042 | D:3      | Found a white marble altar of Elyvilon.
  2043 | D:3      | Found a glowing golden altar of the Shining One.
  2153 | D:3      | Found Befeli's Antique Armour Emporium.
  2157 | D:3      | 2157 ||| BUYING cloak (103 gold).
  2157 | D:3      | Bought a cloak for 103 gold pieces
  2157 | D:3      | 2157 ||| SHOPLISTING polished ring mail (207 gold, have
                  | 28).
  2157 | D:3      | 2157 ||| SHOPLISTING shiny chain mail (172 gold, have 28).
  2264 | D:3      | 2264 ||| UPGRADING to +0 chain mail.
  2274 | D:3      | 2274 ||| DROPPING +0 scale mail.
  2275 | D:3      | 2275 ||| UPGRADING to +0 cloak.
  2280 | D:3      | 2280 ||| DROPPING ring of wizardry.
  2281 | D:3      | 2281 ||| READING scroll labelled POMISAP PIG.
  2282 | D:3      | 2282 ||| READING scroll labelled NOCLICSI WOUSUPTA.
  2283 | D:3      | 2283 ||| READING scroll labelled JUNO WOCEGYINN.
  2302 | D:4      | 2302 ||| STAIRDANCE
  2368 | D:3      | 2368 ||| DROPPING +0 whip.
  2419 | D:4      | 2419 ||| Stepping ~*~*~tactically~*~*~ (stealth).
  2469 | D:4      | Noticed Menkaure
  2475 | D:4      | Killed Menkaure
  2476 | D:4      | Reached skill level 6 in Axes
  2476 | D:4      | Reached XP level 7. HP: 32/43 MP: 4/7
  2626 | D:4      | Reached skill level 1 in Dodging
  2830 | D:4      | 2830 ||| Stepping ~*~*~tactically~*~*~ (hiding).
  2967 | D:4      | 2967 ||| READING scroll labelled WUAMOU WUECUCW.
  3203 | D:4      | Reached skill level 7 in Axes
  3384 | D:4      | 3384 ||| UPGRADING to +0 pair of boots.
  3389 | D:4      | 3389 ||| READING scroll labelled BEMUXKUYCW.
  3475 | D:5      | Entered Level 5 of the Dungeon
  4012 | D:5      | 4012 ||| READING scroll of acquirement.
  4012 | D:5      | 4012 ||| ACQUIRING +0 hat of the First Snow {Harm +Blink
                  | rC+++ Dex-3}
  4012 | D:5      | Acquired the +0 hat of the First Snow {Harm +Blink rC+++
                  | Dex-3}
  4021 | D:5      | Reached XP level 8. HP: 49/49 MP: 5/8
  4205 | D:5      | 4205 ||| Stepping ~*~*~tactically~*~*~ (stealth).
  4360 | D:5      | 4360 ||| DROPPING +1 hat.
  4361 | D:5      | 4361 ||| DROPPING ring of magical power.
  4362 | D:5      | 4362 ||| DROPPING +6 ring of intelligence.
  4363 | D:5      | 4363 ||| READING scroll labelled HANI HEURI.
  4364 | D:5      | 4364 ||| DRINKING 2 fuming dark potions.
  4365 | D:5      | 4365 ||| DRINKING 2 puce potions.
  4366 | D:5      | 4366 ||| READING 2 scrolls of identify.
  4366 | D:5      | 4366 ||| IDENTIFYING green potion
  4390 | D:6      | 4390 ||| Stepping ~*~*~tactically~*~*~ (hiding).
  4397 | D:6      | Reached skill level 1 in Throwing
  4424 | D:6      | 4424 ||| DROPPING +0 flail.
  4445 | D:6      | Found a staircase to the Ecumenical Temple.
  4446 | D:6      | 4446 ||| PLANNING TEMPLE
  4446 | D:6      | 4446 ||| READING scroll labelled NAREIRRIJUQ.
  4451 | D:6      | 4451 ||| Stepping ~*~*~tactically~*~*~ (hiding).
  4452 | D:6      | 4452 ||| Stepping ~*~*~tactically~*~*~ (hiding).
  4468 | Temple   | Entered the Ecumenical Temple
  4641 | Temple   | 4641 ||| PLANNING D:1-11
  4682 | D:6      | 4682 ||| READING scroll of enchant armour.
  4682 | D:6      | 4682 ||| ENCHANTING +1 pair of gloves of infusion.
  4698 | D:6      | Found a shimmering altar of Xom.
  4767 | D:6      | 4767 ||| Stepping ~*~*~tactically~*~*~ (stealth).
  4769 | D:6      | 4769 ||| Stepping ~*~*~tactically~*~*~ (stealth).
  5105 | D:7      | Reached skill level 8 in Axes
  5130 | D:7      | 5130 ||| Stepping ~*~*~tactically~*~*~ (stealth).
  5171 | D:7      | 5171 ||| Stepping ~*~*~tactically~*~*~ (stealth).
  5172 | D:7      | 5172 ||| Stepping ~*~*~tactically~*~*~ (stealth).
  5177 | D:7      | 5177 ||| FLEEEEING.
  5178 | D:7      | 5178 ||| STAIRDANCE
  5206 | D:7      | Reached skill level 6 in Fighting
  5962 | D:7      | Found an opulent altar of Gozag.
  5962 | D:7      | Found a sparkling altar of Nemelex Xobeh.
  6145 | D:7      | 6145 ||| READING scroll labelled HAMOVU WENAU.
  6182 | D:8      | 6182 ||| Stepping ~*~*~tactically~*~*~ (stealth).
  6192 | D:8      | Reached XP level 9. HP: 49/55 MP: 3/9
  6291 | D:8      | Found a broken altar of Ashenzari.
  6412 | D:8      | Found a basalt altar of Yredelemnul.
  6491 | D:8      | Noticed a hornet
  6504 | D:8      | Killed a hornet
  6505 | D:8      | Reached skill level 9 in Axes
  6721 | D:8      | 6721 ||| SWAPPING to +3 war axe.
  6722 | D:8      | 6722 ||| DROPPING +0 war axe.
  6736 | D:8      | Noticed a tengu conjurer
  6737 | D:8      | 6737 ||| Stepping ~*~*~tactically~*~*~ (hiding).
  6741 | D:8      | Noticed a deep elf pyromancer
  6751 | D:8      | Killed a tengu conjurer
  6754 | D:8      | Killed a deep elf pyromancer
  6900 | D:8      | 6900 ||| Stepping ~*~*~tactically~*~*~ (hiding).
  6901 | D:8      | 6901 ||| Stepping ~*~*~tactically~*~*~ (stealth).
  6916 | D:8      | HP: 11/60 [acid dragon (5)]
  6917 | D:8      | 6917 ||| READING 3 scrolls of teleportation.
  6918 | D:8      | 6918 ||| DRINKING potion of heal wounds.
  7028 | D:8      | 7028 ||| Stepping ~*~*~tactically~*~*~ (hiding).
  7032 | D:8      | Found a shadowy altar of Dithmenos.
  7041 | D:8      | Reached skill level 6 in Armour
  7102 | D:8      | Found a sacrificial altar of Ru.
  7198 | D:8      | 7198 ||| FLEEEEING.
  7199 | D:8      | 7199 ||| FLEEEEING.
  7200 | D:8      | 7200 ||| FLEEEEING.
  7201 | D:8      | 7201 ||| FLEEEEING.
  7211 | D:8      | 7211 ||| FLEEEEING.
  7212 | D:8      | 7212 ||| FLEEEEING.
  7213 | D:8      | 7213 ||| FLEEEEING.
  7214 | D:8      | 7214 ||| Stepping ~*~*~tactically~*~*~ (hiding).
  7228 | D:8      | Reached XP level 10. HP: 29/64 MP: 5/10
  7642 | D:8      | 7642 ||| UPGRADING to +0 plate armour.
  7652 | D:8      | 7652 ||| DROPPING +0 chain mail.
  7653 | D:8      | 7653 ||| UPGRADING to ring of willpower.
  7674 | D:9      | 7674 ||| STAIRDANCE
  7858 | D:9      | 7858 ||| Stepping ~*~*~tactically~*~*~ (hiding).
  7859 | D:9      | 7859 ||| Stepping ~*~*~tactically~*~*~ (hiding).
  7861 | D:9      | 7861 ||| Stepping ~*~*~tactically~*~*~ (hiding).
  7862 | D:9      | 7862 ||| Stepping ~*~*~tactically~*~*~ (stealth).
  7870 | D:9      | Noticed a white ugly thing
  7885 | D:9      | HP: 14/64 [white ugly thing (26)]
  7886 | D:9      | 7886 ||| READING 2 scrolls of teleportation.
  8080 | D:9      | 8080 ||| Stepping ~*~*~tactically~*~*~ (stealth).
  8081 | D:9      | 8081 ||| Stepping ~*~*~tactically~*~*~ (stealth).
  8200 | D:9      | Killed a white ugly thing
  8201 | D:9      | Reached skill level 10 in Axes
  8307 | D:9      | Found an iron altar of Okawaru.
  8308 | D:9      | 8308 ||| PLANNING OKAWARU WORSHIP
  8308 | D:9      | 8308 ||| READING 2 scrolls of identify.
  8308 | D:9      | 8308 ||| IDENTIFYING clear potion
  8316 | D:9      | Became a worshipper of Warmaster Okawaru
  8317 | D:9      | 8317 ||| PLANNING D:1-11
  8331 | D:9      | 8331 ||| Stepping ~*~*~tactically~*~*~ (stealth).
  8354 | D:9      | 8354 ||| FLEEEEING.
  8355 | D:9      | 8355 ||| FLEEEEING.
  8356 | D:9      | 8356 ||| FLEEEEING.
  8362 | D:9      | 8362 ||| Stepping ~*~*~tactically~*~*~ (cloud).
  8377 | D:9      | Reached * piety under Okawaru
  8557 | D:9      | Found a staircase to the Lair.
  8560 | D:9      | 8560 ||| INVOKING Heroism.
  8565 | D:9      | 8565 ||| Stepping ~*~*~tactically~*~*~ (water).
  8571 | D:9      | 8571 ||| INVOKING Heroism.
  8574 | D:9      | 8574 ||| Stepping ~*~*~tactically~*~*~ (water).
  8597 | D:9      | Reached skill level 1 in Invocations
  8732 | D:9      | 8732 ||| Stepping ~*~*~tactically~*~*~ (stealth).
  8739 | D:9      | 8739 ||| Stepping ~*~*~tactically~*~*~ (stealth).
  8740 | D:9      | 8740 ||| Stepping ~*~*~tactically~*~*~ (stealth).
  8742 | D:9      | 8742 ||| Stepping ~*~*~tactically~*~*~ (stealth).
  8747 | D:9      | 8747 ||| Stepping ~*~*~tactically~*~*~ (hiding).
  8752 | D:9      | 8752 ||| INVOKING Heroism.
  8754 | D:9      | 8754 ||| Stepping ~*~*~tactically~*~*~ (hiding).
  8760 | D:9      | Found a staircase to the Orcish Mines.
  8768 | D:9      | 8768 ||| FLEEEEING.
  8769 | D:9      | 8769 ||| FLEEEEING.
  8770 | D:9      | 8770 ||| FLEEEEING.
  8782 | D:9      | 8782 ||| FLEEEEING.
  8783 | D:9      | 8783 ||| FLEEEEING.
  8784 | D:9      | 8784 ||| FLEEEEING.
  8785 | D:9      | 8785 ||| FLEEEEING.
  8786 | D:9      | 8786 ||| FLEEEEING.
  8787 | D:9      | 8787 ||| FLEEEEING.
  8791 | D:9      | 8791 ||| FLEEEEING.
  8792 | D:9      | 8792 ||| FLEEEEING.
  8793 | D:9      | 8793 ||| FLEEEEING.
  8794 | D:9      | 8794 ||| FLEEEEING.
  8795 | D:9      | 8795 ||| FLEEEEING.
  8796 | D:9      | 8796 ||| FLEEEEING.
  8797 | D:9      | 8797 ||| FLEEEEING.
  8798 | D:9      | 8798 ||| FLEEEEING.
  8799 | D:9      | 8799 ||| FLEEEEING.
  8800 | D:9      | 8800 ||| FLEEEEING.
  8802 | D:9      | 8802 ||| Stepping ~*~*~tactically~*~*~ (water).
  8803 | D:9      | 8803 ||| FLEEEEING.
  8804 | D:9      | 8804 ||| FLEEEEING.
  8805 | D:9      | 8805 ||| FLEEEEING.
  8952 | D:9      | 8952 ||| Stepping ~*~*~tactically~*~*~ (stealth).
  8953 | D:9      | 8953 ||| Stepping ~*~*~tactically~*~*~ (stealth).
  8954 | D:9      | 8954 ||| Stepping ~*~*~tactically~*~*~ (stealth).
  8955 | D:9      | 8955 ||| Stepping ~*~*~tactically~*~*~ (stealth).
  8957 | D:9      | 8957 ||| INVOKING Heroism.
  8965 | D:9      | 8965 ||| Stepping ~*~*~tactically~*~*~ (stealth).
  8968 | D:9      | 8968 ||| Stepping ~*~*~tactically~*~*~ (stealth).
  8970 | D:9      | 8970 ||| Stepping ~*~*~tactically~*~*~ (stealth).
  8971 | D:9      | 8971 ||| Stepping ~*~*~tactically~*~*~ (stealth).
  8975 | D:9      | 8975 ||| Stepping ~*~*~tactically~*~*~ (stealth).
  8986 | D:9      | 8986 ||| Stepping ~*~*~tactically~*~*~ (stealth).
  9042 | D:9      | 9042 ||| SWAPPING to +1 war axe of flaming.
  9043 | D:9      | 9043 ||| DROPPING +2 flail of holy wrath.
  9044 | D:9      | 9044 ||| DROPPING +3 flail.
  9073 | D:9      | 9073 ||| Stepping ~*~*~tactically~*~*~ (hiding).
  9074 | D:9      | 9074 ||| Stepping ~*~*~tactically~*~*~ (hiding).
  9075 | D:9      | 9075 ||| Stepping ~*~*~tactically~*~*~ (hiding).
  9083 | D:9      | Reached skill level 11 in Axes
  9333 | D:9      | Reached XP level 11. HP: 50/69 MP: 0/12
  9510 | D:9      | 9510 ||| READING scroll labelled KOUMIO HADEQ.
  9511 | D:9      | 9511 ||| PLANNING LAIR
  9511 | D:9      | 9511 ||| DRINKING 2 lumpy inky potions.
  9511 | D:9      | Gained mutation: You are clumsy. (Dex -2) [potion of
                  | mutation]
  9511 | D:9      | Gained mutation: You do not regenerate when monsters are
                  | visible. [potion of mutation]
  9511 | D:9      | Gained mutation: You sometimes lose your temper in combat.
                  | [potion of mutation]
  9511 | D:9      | Gained mutation: You have a pair of small antennae on your
                  | head. [potion of mutation]
  9512 | D:9      | 9512 ||| DRINKING potion of mutation.
  9512 | D:9      | Lost mutation: You have a pair of small antennae on your
                  | head. [potion of mutation]
  9512 | D:9      | Lost mutation: You do not regenerate when monsters are
                  | visible. [potion of mutation]
  9512 | D:9      | Lost mutation: You sometimes lose your temper in combat.
                  | [potion of mutation]
  9512 | D:9      | Gained mutation: Your spells are a little harder to cast,
                  | but a little more powerful. [potion of mutation]
  9512 | D:9      | Gained mutation: You are strong-willed. (Will+) [potion of
                  | mutation]
  9513 | D:9      | 9513 ||| UPGRADING to +0 helmet.
  9518 | D:9      | 9518 ||| READING 2 scrolls of identify.
  9518 | D:9      | 9518 ||| IDENTIFYING fizzy coppery potion
  9519 | D:9      | 9519 ||| DROPPING potion of invisibility.
  9547 | Lair:1   | Entered Level 1 of the Lair of Beasts
  9559 | Lair:1   | Reached skill level 9 in Fighting
  9563 | Lair:1   | Reached skill level 3 in Invocations
  9715 | Lair:1   | Reached ** piety under Okawaru
  9750 | Lair:1   | Reached skill level 9 in Armour
  9874 | Lair:1   | 9874 ||| INVOKING Heroism.
  9970 | Lair:1   | 9970 ||| INVOKING Heroism.
  9986 | Lair:1   | 9986 ||| INVOKING Heroism.
 10094 | Lair:1   | 10094 ||| INVOKING Heroism.
 10268 | Lair:1   | 10268 ||| INVOKING Heroism.
 10274 | Lair:1   | Reached skill level 12 in Axes
 10662 | Lair:1   | 10662 ||| READING 2 scrolls of identify.
 10662 | Lair:1   | 10662 ||| IDENTIFYING dark potion
 10729 | Lair:2   | 10729 ||| INVOKING Heroism.
 10772 | Lair:2   | 10772 ||| INVOKING Heroism.
 10780 | Lair:2   | Reached skill level 6 in Shields
 10871 | Lair:2   | 10871 ||| INVOKING Heroism.
 10930 | Lair:2   | Found a shimmering altar of Xom.
 10932 | Lair:2   | 10932 ||| Stepping ~*~*~tactically~*~*~ (stealth).
 10935 | Lair:2   | 10935 ||| Stepping ~*~*~tactically~*~*~ (stealth).
 10936 | Lair:2   | 10936 ||| Stepping ~*~*~tactically~*~*~ (stealth).
 10962 | Lair:2   | Reached *** piety under Okawaru
 10976 | Lair:2   | Reached XP level 12. HP: 42/77 MP: 0/15
 10981 | Lair:2   | 10981 ||| FLEEEEING.
 10982 | Lair:2   | 10982 ||| FLEEEEING.
 10983 | Lair:2   | 10983 ||| FLEEEEING.
 10984 | Lair:2   | 10984 ||| FLEEEEING.
 10985 | Lair:2   | 10985 ||| FLEEEEING.
 10986 | Lair:2   | 10986 ||| FLEEEEING.
 10987 | Lair:2   | 10987 ||| FLEEEEING.
 10988 | Lair:2   | 10988 ||| FLEEEEING.
 10989 | Lair:2   | 10989 ||| FLEEEEING.
 10990 | Lair:2   | 10990 ||| FLEEEEING.
 10991 | Lair:2   | 10991 ||| FLEEEEING.
 10993 | Lair:2   | 10993 ||| FLEEEEING.
 10994 | Lair:2   | 10994 ||| FLEEEEING.
 10995 | Lair:2   | 10995 ||| FLEEEEING.
 10996 | Lair:2   | 10996 ||| FLEEEEING.
 10997 | Lair:2   | 10997 ||| FLEEEEING.
 11000 | Lair:2   | 11000 ||| FLEEEEING.
 11001 | Lair:2   | 11001 ||| FLEEEEING.
 11002 | Lair:2   | 11002 ||| FLEEEEING.
 11003 | Lair:2   | 11003 ||| STAIRDANCE
 11428 | Lair:2   | 11428 ||| INVOKING Heroism.
 11554 | Lair:2   | 11554 ||| Stepping ~*~*~tactically~*~*~ (stealth).
 11557 | Lair:2   | 11557 ||| Stepping ~*~*~tactically~*~*~ (stealth).
 11571 | Lair:2   | Reached **** piety under Okawaru
 11572 | Lair:2   | Reached skill level 13 in Axes
 11992 | Lair:2   | Noticed an eight-headed hydra
 11993 | Lair:2   | 11993 ||| Stepping ~*~*~tactically~*~*~ (stealth).
 11994 | Lair:2   | 11994 ||| INVOKING Heroism.
 12006 | Lair:2   | Killed a three-headed hydra
 12137 | Lair:2   | Identified the +3 halberd "Efaxulyg" {heavy, +Blink}
 12227 | Lair:2   | 12227 ||| INVOKING Heroism.
 12460 | Lair:2   | 12460 ||| UPGRADING to +4 ring of protection.
 12461 | Lair:2   | 12461 ||| DRINKING 2 fuming purple potions.
 12462 | Lair:2   | 12462 ||| READING 2 scrolls of identify.
 12462 | Lair:2   | 12462 ||| IDENTIFYING metallic coppery potion
 12463 | Lair:2   | 12463 ||| DROPPING potion of ambrosia.
 12543 | Lair:3   | 12543 ||| INVOKING Heroism.
 12788 | Lair:3   | 12788 ||| Stepping ~*~*~tactically~*~*~ (stealth).
 12797 | Lair:3   | Reached skill level 6 in Invocations
 12912 | Lair:3   | Noticed a six-headed hydra
 12913 | Lair:3   | 12913 ||| INVOKING Heroism.
 12921 | Lair:3   | Killed a four-headed hydra
 12980 | Lair:3   | 12980 ||| INVOKING Heroism.
 13022 | Lair:3   | Found a staircase to the Snake Pit.
 13023 | Lair:3   | 13023 ||| Stepping ~*~*~tactically~*~*~ (hiding).
 13025 | Lair:3   | 13025 ||| Stepping ~*~*~tactically~*~*~ (hiding).
 13026 | Lair:3   | 13026 ||| Stepping ~*~*~tactically~*~*~ (hiding).
 13045 | Lair:3   | 13045 ||| Stepping ~*~*~tactically~*~*~ (stealth).
 13419 | Lair:3   | 13419 ||| INVOKING Heroism.
 13459 | Lair:3   | 13459 ||| Stepping ~*~*~tactically~*~*~ (hiding).
 13470 | Lair:3   | Reached skill level 14 in Axes
 13521 | Lair:3   | Reached XP level 13. HP: 82/82 MP: 13/18
 13551 | Lair:3   | Found a staircase to the Swamp.
 13552 | Lair:3   | 13552 ||| INVOKING Heroism.
 13785 | Lair:3   | 13785 ||| UPGRADING to +5 ring of evasion.
 13787 | Lair:3   | 13787 ||| DROPPING ring of willpower.
 13843 | Lair:4   | 13843 ||| STAIRDANCE
 13854 | Lair:3   | 13854 ||| INVOKING Heroism.
 14048 | Lair:4   | 14048 ||| Stepping ~*~*~tactically~*~*~ (hiding).
 14119 | Lair:4   | 14119 ||| INVOKING Heroism.
 14263 | Lair:4   | Noticed Rupert
 14265 | Lair:4   | 14265 ||| INVOKING Heroism.
 14283 | Lair:4   | HP: 7/83 [Rupert/+2 heavy battleaxe (28)]
 14284 | Lair:4   | 14284 ||| READING scroll of teleportation.
 14285 | Lair:4   | 14285 ||| DRINKING 3 potions of heal wounds.
 14288 | Lair:4   | 14288 ||| DRINKING 2 potions of heal wounds.
 14620 | Lair:4   | Noticed Nessos
 14621 | Lair:4   | 14621 ||| Stepping ~*~*~tactically~*~*~ (stealth).
 14624 | Lair:4   | 14624 ||| INVOKING Heroism.
 14626 | Lair:4   | 14626 ||| Stepping ~*~*~tactically~*~*~ (stealth).
 14627 | Lair:4   | 14627 ||| Stepping ~*~*~tactically~*~*~ (stealth).
 14630 | Lair:4   | 14630 ||| Stepping ~*~*~tactically~*~*~ (stealth).
 14632 | Lair:4   | 14632 ||| DRINKING 3 potions of curing.
 14632 | Lair:4   | 14632 ||| (to cure confusion)
 14634 | Lair:4   | 14634 ||| Stepping ~*~*~tactically~*~*~ (stealth).
 14646 | Lair:4   | Slain by Rupert

Levels and vault maps discovered:
D:1:      dpeg_arrival_arbitrary_a, layout_basic
D:2:      layout_rooms, basic_altar
D:3:      layout_basic, good_gods_temple_1, serial_shops,
          nicolae_shop_back_alley_shop, uniq_terence, uniq_jessica, uniq_grinder
D:4:      layout_loops_corners, kennysheep_diamond, nicolae_zen_rock_garden,
          uniq_menkaure
D:5:      layout_loops_corners
D:6:      layout_rooms, lemuel_round_altar, minmay_temple_entry_mist,
          kennysheep_generic_room_13
D:7:      layout_basic, grunt_temple_overflow_opulence, nicolae_eternal_life,
          kb_lookout_dungeons_type, hangedman_abyss_or_decor_stabs
D:8:      minmay_curly_fans, layout_basic, nicolae_overflow_crystal_walls,
          jmf_multi_god_temple, yredelemnul_altar_generic
D:9:      layout_long_grid, okawaru_gym_becter, erik_lair_island, erik_orc_1
Temple:   nicolae_temple_bog_church
Lair:1:   layout_roguey
Lair:2:   layout_regular_city, basic_altar, infiniplex_staircase_pool
Lair:3:   layout_loops_ring, nicolae_swamp_entry_splash_gauntlet,
          guppyfry_snake_entry_island
Lair:4:   layout_gridlike, serial_forest, infiniplex_forest_3_way,
          infiniplex_forest_lined_4_way, infiniplex_forest_zigzag_1,
          infiniplex_forest_end_3, infiniplex_forest_join,
          infiniplex_forest_corner_1, infiniplex_forest_straight_4,
          infiniplex_forest_end_1, serial_bayou_ford_a, uniq_rupert, uniq_nessos

Skill      XL: |  1  2  3  4  5  6  7  8  9 10 11 12 13 |
---------------+----------------------------------------+-----
Axes           | 2 3 5 6 7 8 9 11 12 14 | 14.0
Fighting       | 4 5 6 8 10 | 10.5
Dodging        | 1 |  1.2
Armour         | 4 5 6 8 9 10 | 10.0
Throwing       | 1 2 |  2.0
Shields        | 4 5 6 |  6.8
Invocations    | 2 4 7 8 |  8.5

Action                     |  1- 3 |  4- 6 |  7- 9 | 10-12 | 13-15 || total
---------------------------+-------+-------+-------+-------+-------++-------
  Melee: War axe           |    89 |    84 |   196 |   477 |    65 ||   911
  Throw: Boomerang         |       |     3 |    73 |   111 |    20 ||   207
 Invoke: Heroism           |       |       |       |    19 |     5 ||    24
    Use: Scroll            |     4 |     5 |     9 |     6 |     1 ||    25
         Potion            |       |     1 |     3 |     3 |     3 ||    10
 Armour: Scale mail        |    46 |    25 |       |       |       ||    71
         Chain mail        |       |     6 |   144 |       |       ||   150
         Plate armour      |       |       |       |   369 |    18 ||   387
  Dodge: Dodged            |    54 |    33 |    90 |   152 |    24 ||   353
  Block: Buckler           |    18 |    17 |    49 |    99 |     4 ||   187

Table legend:
 A = Non-vault XP
 B = Vault XP
 C = Vault XP percentage of total XP
 D = Non-vault monster count
 E = Vault monster count
 F = Vault count percentage of total count
                 A         B        C        D         E       F
            +---------+---------+-------+---------+---------+-------
      Total |   29932 |    5376 |  15.2 |     253 |      41 |  13.9
            +---------+---------+-------+---------+---------+-------
        D:1 |      64 |       0 |   0.0 |      34 |       0 |   0.0
        D:2 |      37 |       0 |   0.0 |       9 |       0 |   0.0
        D:3 |      48 |     340 |  87.6 |      17 |       3 |  15.0
        D:4 |     261 |     169 |  39.3 |      14 |       1 |   6.7
        D:5 |     319 |       0 |   0.0 |       8 |       0 |   0.0
        D:6 |     431 |      36 |   7.7 |       8 |       1 |  11.1
        D:7 |     456 |     115 |  20.1 |      14 |       1 |   6.7
        D:8 |    1558 |    1283 |  45.2 |      16 |       4 |  20.0
        D:9 |    2740 |    1408 |  33.9 |      38 |      24 |  38.7
     Lair:1 |    5539 |       0 |   0.0 |      25 |       0 |   0.0
     Lair:2 |   10995 |       0 |   0.0 |      43 |       0 |   0.0
     Lair:3 |    4998 |    2025 |  28.8 |      19 |       7 |  26.9
     Lair:4 |    2486 |       0 |   0.0 |       8 |       0 |   0.0
            +---------+---------+-------+---------+---------+-------
